 Dungeon Crawl Stone Soup version 0.19.0-2-gae57169 (webtiles) character file.

93 NINUZHNO the Stinger (level 4, 0/27 HPs)
             Began as a Halfling Transmuter on Nov 4, 2016.
             Succumbed to an adder's poison
             ... on level 2 of the Dungeon.
             The game lasted 00:05:55 (2314 turns).

NINUZHNO the Stinger (Halfling Transmuter)          Turns: 2314, Time: 00:05:55

Health: 0/27       AC:  4    Str:  8 (11) XL:     4   Next: 91%
Magic:  5/6        EV: 15    Int:  9 (12) God:
Gold:   91         SH:  0    Dex: 14 (17) Spells: 2 memorised, 2 levels left

rFire  . . .     SeeInvis .       - Unarmed
rCold  . . .     Gourm    .     k - +2 robe {rN+}
rNeg   + . .     Faith    .     (shield restricted)
rPois  .         Spirit   .     (no helmet)
rElec  .         Reflect  .     (no cloak)
rCorr  .         Harm     .     (no gloves)
MR     .....                    (no boots)
Stlth  +.........               (no amulet)
                                (no ring)
                                i - +3 ring of dexterity

@: lethally poisoned (0 -> -2)
A: mutation resistance 1
a: no special abilities


You were on level 2 of the Dungeon.
You were very hungry.

You visited 1 branch of the dungeon, and saw 2 of its levels.

You collected 91 gold pieces.

Inventory:

Missiles
 a - 31 arrows
Armour
 k - a +2 robe of positive energy (worn)
Jewellery
 i - a +3 ring of dexterity (left hand)
Scrolls
 b - a scroll of noise {unknown}
 e - 3 scrolls of enchant weapon {unknown}
 f - a scroll of recharging {unknown}
 g - a scroll of enchant armour {unknown}
 h - a scroll of immolation {unknown}
 j - 2 scrolls of blinking {unknown}
Books
 c - a book of Changes

   Spells                             Type                      Level
   a - Beastly Appendage              Transmutation                1
   b - Sticks to Snakes               Transmutation                2
   c - Spider Form                    Transmutation/Poison         3
   d - Ice Form                       Ice/Transmutation            4
   e - Blade Hands                    Transmutation                5
Comestibles
 d - 2 bread rations
 l - a meat ration
 m - a beef jerky
 n - 2 chunks of flesh


   Skills:
 - Level 0.8 Fighting
 - Level 2.1 Dodging
 - Level 2.4 Unarmed Combat
 - Level 1.5 Spellcasting
 - Level 2.1 Transmutations
 * Level 3.1 Poison Magic


You had 2 spell levels left.
You knew the following spells:

 Your Spells              Type           Power        Failure   Level  Hunger
a - Beastly Appendage     Tmut           #.....       14%         1    ##.....
b - Spider Form           Tmut/Pois      #.........   34%         3    ####...


Dungeon Overview and Level Annotations

Branches:
Dungeon (2/15)

Altars:


Innate Abilities, Weirdness & Mutations

You are small and have problems with some larger weapons.
You are somewhat resistant to further mutation.


Message History

You feel sick. The adder bites you.
* * * LOW HITPOINT WARNING * * *
The adder bites you.
* * * LOW HITPOINT WARNING * * *
It was a potion of degeneration.
There was something very wrong with that liquid.
You feel weakened.
You feel dopey.
You feel clumsy. The adder closely misses you.
You hit the adder.
You kill the adder!
Your Poison Magic skill increases to level 3!
* * * LOW HITPOINT WARNING * * *
You feel sick.
You see here an adder corpse.
You butcher the adder corpse.
You see here 2 chunks of flesh.
n - 2 chunks of flesh
There is a lethal amount of poison in your body!
There is a lethal amount of poison in your body!
You die...

#.# #.# #.# #.###
#.# #.# #...#
####.# #.# ##
###.# #....# #.#
...
#.####.#########.#
.#.
#..)..........##.#
#. #..###..#####.#
# #<.#
##.#####.##. #..#
#..@....... #..#
#.#####.### #..#
#.# #..# #.# #...
... #.. #.) #.


There were no monsters in sight!

Vanquished Creatures
  5 adders (D:2)
  A worm (D:2)
  4 giant cockroaches
  4 hobgoblins
  3 jackals (D:2)
  2 ball pythons
  10 bats
  A frilled lizard (D:1)
  6 goblins
  7 kobolds
  3 rats (D:1)
46 creatures vanquished.

Notes
Turn   | Place    | Note
-------+----------+-------------------------------------------
     0 | D:1      | NINUZHNO the Halfling Transmuter began the quest for the Orb.
     0 | D:1      | Reached XP level 1. HP: 12/12 MP: 3/3
   390 | D:1      | Reached XP level 2. HP: 18/18 MP: 4/4
   809 | D:1      | Reached XP level 3. HP: 19/22 MP: 5/5
   814 | D:1      | Learned a level 3 spell: Spider Form
  1317 | D:2      | Reached skill level 1 in Poison Magic
  1608 | D:2      | Reached XP level 4. HP: 27/27 MP: 6/6
  1642 | D:2      | Reached skill level 2 in Poison Magic
  2307 | D:2      | HP: 1/27 [adder (5)]
  2309 | D:2      | Reached skill level 3 in Poison Magic
  2314 | D:2      | Succumbed to an adder's poison

Skill      XL: |  1  2  3  4 |
---------------+-------------+-----
Transmutations | 2 |  2.1
Poison Magic   | 1 3 |  3.1
Fighting       | |  0.8
Dodging        | |  2.1
Unarmed Combat | |  2.4
Spellcasting   | |  1.5

Action                   |  1- 3 |  4- 6 || total
-------------------------+-------+-------++-------
Melee: Unarmed           |   176 |    55 ||   231
       Punch             |     2 |       ||     2
 Cast: Spider Form       |     3 |     4 ||     7
 Abil: End Transformatio |       |     3 ||     3
  Use: Potion            |       |     1 ||     1
  Eat: Chunk             |     3 |     2 ||     5
Armor: Robe              |    25 |    14 ||    39
       Skin              |       |     1 ||     1
Dodge: Dodged            |   152 |    39 ||   191
